| TOP OF THE 1ST |
|
University of South Carolina Gamecocks batting - Pitching for Stanford University Cardinal : RHP Ray Fogle
|
|
Pitching: RHP Ray Fogle
|
|
|
Batting: RHB Justin Kurutz
|
0-0: Ball 1-0: Called Strike 1-1: SINGLE (Line Drive, 4M, EV 103.8 MPH)
|
|
Batting: RHB Brian Passalacqua
|
0-0: Ball 1-0: Ball 2-0: Ball 3-0: Base on Balls Justin Kurutz to second
|
|
Batting: SHB Keith Mihas
|
0-0: Called Strike 0-1: Ball 1-1: Foul Ball, location: 2F 1-2: Fly out, F9 (Flyball, 9, EV 92.5 MPH)
|
|
Batting: LHB Bert Webster
|
0-0: Grounds into double play, 3-6-3 (Groundball, 34, EV 103.1 MPH)
|
| Top of the 1st over - 0 runs, 1 hit, 0 errors, 1 left on base; University of South Carolina 0 - Stanford University 0 |
| BOTTOM OF THE 1ST |
|
Stanford University Cardinal batting - Pitching for University of South Carolina Gamecocks : LHP David Saltzman
|
|
Pitching: LHP David Saltzman
|
|
|
Batting: RHB John Van der Linden
|
0-0: Ball 1-0: Ball 2-0: Foul Ball, location: 2F 2-1: Foul Ball, location: 2F 2-2: Ball 3-2: Fly out, F9 (Line Drive, 9, EV 102.5 MPH)
|
|
Batting: RHB Josh Benefield
|
0-0: Foul Ball, location: 2F 0-1: Ball 1-1: Foul Ball, location: 2F 1-2: DOUBLE (Flyball, 8RXD, EV 96.9 MPH)
|
|
Batting: RHB Joe Petley
|
0-0: Foul Ball, location: 2F 0-1: Ball 1-1: Swinging Strike 1-2: Ground out 4-3 (Groundball, 4S, EV 83.1 MPH) Josh Benefield to third
|
|
Batting: LHB Donny Kleinjan
|
0-0: Ball 1-0: Fly out, F8 (Flyball, 8RM, EV 97.5 MPH)
|
| Bottom of the 1st over - 0 runs, 1 hit, 0 errors, 1 left on base; University of South Carolina 0 - Stanford University 0 |
| TOP OF THE 2ND |
|
University of South Carolina Gamecocks batting - Pitching for Stanford University Cardinal : RHP Ray Fogle
|
|
Batting: LHB Jörg Young
|
0-0: Ball 1-0: Foul Ball, location: 2F 1-1: Swinging Strike 1-2: Ground out 4-3 (Groundball, 4, EV 100.0 MPH)
|
|
Batting: RHB Jeff Swanson
|
0-0: Ball 1-0: Ground out 4-3 (Groundball, 4, EV 86.9 MPH)
|
|
Batting: RHB Ben Turner
|
0-0: Called Strike 0-1: Called Strike 0-2: Strikes out swinging
|
| Top of the 2nd over - 0 runs, 0 hits, 0 errors, 0 left on base; University of South Carolina 0 - Stanford University 0 |
| BOTTOM OF THE 2ND |
|
Stanford University Cardinal batting - Pitching for University of South Carolina Gamecocks : LHP David Saltzman
|
|
Batting: LHB Chien Sam
|
0-0: Ball 1-0: Ball 2-0: Ball 3-0: Base on Balls
|
|
Batting: LHB Bryan Davidson
|
0-0: Ball 1-0: Foul Ball, location: 2F 1-1: Ball 2-1: Foul Ball, location: 2F 2-2: Foul Ball, location: 2F 2-2: Ball 3-2: Foul Ball, location: 2F 3-2: SINGLE (Flyball, 34D, EV 91.9 MPH) Chien Sam to second
|
|
Batting: LHB Caleb Hartwell
|
0-0: Foul Ball, location: 2F 0-1: Grounds into double play, 4-6-3 (Groundball, 4, EV 87.5 MPH) Chien Sam to third
|
|
Batting: RHB Dzevat Koljevic
|
0-0: Fly out, F9 (Flyball, 9S, EV 91.9 MPH)
|
| Bottom of the 2nd over - 0 runs, 1 hit, 0 errors, 1 left on base; University of South Carolina 0 - Stanford University 0 |
| TOP OF THE 3RD |
|
University of South Carolina Gamecocks batting - Pitching for Stanford University Cardinal : RHP Ray Fogle
|
|
Batting: LHB David Saltzman
|
0-0: Swinging Strike 0-1: Swinging Strike 0-2: Ball 1-2: SINGLE (Groundball, 6D, EV 98.1 MPH)
|
|
Batting: RHB Keith Lynch
|
0-0: Ball 1-0: Swinging Strike 1-1: Ball 2-1: Ball 3-1: Fielders Choice at 2nd, 4-6 (Groundball, 4, EV 90.0 MPH)
|
|
Batting: RHB Justin Kurutz
|
0-0: Swinging Strike 0-1: Called Strike Pickoff Throw by Catcher to First - Error! E2 Keith Lynch to second 0-2: Strikes out swinging
|
|
Batting: RHB Brian Passalacqua
|
0-0: Ball 1-0: Foul Ball, location: 2F 1-1: Foul Ball, location: 2F 1-2: Ball 2-2: Foul Ball, location: 2F 2-2: SINGLE (Groundball, 5D, EV 97.5 MPH) Keith Lynch to third Runner from 3rd tries for Home, SAFE, throw by LF to home
|
|
Batting: SHB Keith Mihas
|
0-0: Fly out, F8 (Line Drive, 8LD, EV 95.6 MPH)
|
| Top of the 3rd over - 1 run, 2 hits, 1 error, 1 left on base; University of South Carolina 1 - Stanford University 0 |
| BOTTOM OF THE 3RD |
|
Stanford University Cardinal batting - Pitching for University of South Carolina Gamecocks : LHP David Saltzman
|
|
Batting: LHB Mike Keating
|
0-0: Foul Ball, location: 2F 0-1: Ball 1-1: Called Strike 1-2: Ball 2-2: Foul Ball, location: 2F 2-2: SOLO HOME RUN (Flyball, 9D, EV 100.6 MPH), Distance : 379 ft
|
|
Batting: RHB John Van der Linden
|
0-0: Called Strike 0-1: Swinging Strike 0-2: Ball 1-2: Ball 2-2: SINGLE (Groundball, 6MD, EV 101.9 MPH)
|
|
Batting: RHB Josh Benefield
|
0-0: Ball 1-0: Ball 2-0: Foul Ball, location: 2F 2-1: Grounds into double play, 6-4-3 (Groundball, 6, EV 85.0 MPH)
|
|
Batting: RHB Joe Petley
|
0-0: Ball 1-0: Fly out, F8 (Flyball, 89M, EV 80.6 MPH)
|
| Bottom of the 3rd over - 1 run, 2 hits, 0 errors, 0 left on base; University of South Carolina 1 - Stanford University 1 |
| TOP OF THE 4TH |
|
University of South Carolina Gamecocks batting - Pitching for Stanford University Cardinal : RHP Ray Fogle
|
|
Batting: LHB Bert Webster
|
0-0: Ball 1-0: Ground out 3-1 (Groundball, 34S, EV 89.4 MPH)
|
|
Batting: LHB Jörg Young
|
0-0: Fly out, F8 (Flyball, 8RXD, EV 110.0 MPH)
|
|
Batting: RHB Jeff Swanson
|
0-0: Ball 1-0: Ball 2-0: Ball 3-0: Called Strike 3-1: Called Strike 3-2: SOLO HOME RUN (Flyball, 7LD, EV 95.6 MPH), Distance : 372 ft
|
|
Batting: RHB Ben Turner
|
0-0: Ball 1-0: Foul Ball, location: 2F 1-1: Swinging Strike 1-2: Ball 2-2: Reached on error, E6 (Groundball, 6M, EV 103.1 MPH)
|
|
Batting: LHB David Saltzman
|
0-0: Ball 1-0: Swinging Strike 1-1: Swinging Strike 1-2: Ball 2-2: Fly out, F8 (Flyball, 8LD, EV 101.9 MPH)
|
| Top of the 4th over - 1 run, 1 hit, 1 error, 1 left on base; University of South Carolina 2 - Stanford University 1 |
| BOTTOM OF THE 4TH |
|
Stanford University Cardinal batting - Pitching for University of South Carolina Gamecocks : LHP David Saltzman
|
|
Batting: LHB Donny Kleinjan
|
0-0: Ball 1-0: Swinging Strike 1-1: Called Strike 1-2: Strikes out swinging
|
|
Batting: LHB Chien Sam
|
0-0: Called Strike 0-1: Ground out U3 (Groundball, 3S, EV 79.4 MPH)
|
|
Batting: LHB Bryan Davidson
|
0-0: Foul Ball, location: 2F 0-1: Swinging Strike 0-2: Ball 1-2: Foul Ball, location: 2F 1-2: Ball 2-2: Fly out, F8 (Flyball, 8RM, EV 87.5 MPH)
|
| Bottom of the 4th over - 0 runs, 0 hits, 0 errors, 0 left on base; University of South Carolina 2 - Stanford University 1 |
| TOP OF THE 5TH |
|
University of South Carolina Gamecocks batting - Pitching for Stanford University Cardinal : RHP Ray Fogle
|
|
Batting: RHB Keith Lynch
|
0-0: Ball 1-0: DOUBLE (Flyball, 8RXD, EV 110.6 MPH)
|
|
Batting: RHB Justin Kurutz
|
0-0: Foul Ball, location: 2F 0-1: Swinging Strike 0-2: Ball 1-2: Ball 2-2: Ball 3-2: SINGLE (Flyball, 6D, EV 94.4 MPH) Keith Lynch to third
|
|
Batting: RHB Brian Passalacqua
|
0-0: Ball 1-0: Foul Ball, location: 2F 1-1: Ball Wild Pitch! Keith Lynch scores Justin Kurutz to second 2-1: Swinging Strike 2-2: Ball 3-2: Ground out 5-3 (Groundball, 56, EV 91.2 MPH)
|
|
Batting: SHB Keith Mihas
|
0-0: Called Strike 0-1: Ball 1-1: 2-RUN HOME RUN (Line Drive, 9D, EV 100.0 MPH), Distance : 381 ft
|
|
Pitching: RHP Steven Townsend
|
|
|
Batting: LHB Bert Webster
|
0-0: Ball 1-0: Called Strike 1-1: Foul Ball, location: 2F 1-2: Strikes out swinging
|
|
Batting: LHB Jörg Young
|
0-0: SINGLE (Groundball, P, EV 88.1 MPH) (infield hit)
|
|
Batting: RHB Jeff Swanson
|
0-0: Called Strike 0-1: SINGLE (Groundball, 6M, EV 101.9 MPH) (infield hit) Jörg Young to second
|
|
Batting: RHB Ben Turner
|
0-0: Called Strike 0-1: SINGLE (Groundball, P, EV 88.1 MPH) (infield hit) Jörg Young to third Jeff Swanson to second
|
|
Batting: LHB David Saltzman
|
0-0: Fly out, F8 (Flyball, 8LXD, EV 100.6 MPH)
|
| Top of the 5th over - 3 runs, 6 hits, 0 errors, 3 left on base; University of South Carolina 5 - Stanford University 1 |
| BOTTOM OF THE 5TH |
|
Stanford University Cardinal batting - Pitching for University of South Carolina Gamecocks : LHP David Saltzman
|
|
Batting: LHB Caleb Hartwell
|
0-0: SINGLE (Groundball, 6MD, EV 96.9 MPH)
|
|
Batting: RHB Dzevat Koljevic
|
0-0: Ball 1-0: Called Strike 1-1: Ball 2-1: Swinging Strike 2-2: Foul Ball, location: 2F 2-2: Fly out, F2 (Popup, 2R, EV 95.6 MPH)
|
|
Batting: LHB Mike Keating
|
0-0: Called Strike 0-1: Ball 1-1: SINGLE (Line Drive, 4D, EV 93.8 MPH) Caleb Hartwell to second
|
|
Batting: RHB John Van der Linden
|
0-0: Called Strike 0-1: Ball 1-1: Foul Ball, location: 2F 1-2: Ball 2-2: SINGLE (Groundball, 56D, EV 95.0 MPH) Caleb Hartwell to third Mike Keating to second Runner from 3rd tries for Home, SAFE, throw by LF to home
|
|
Batting: RHB Josh Benefield
|
0-0: Foul Ball, location: 2F 0-1: Foul Ball, location: 2F 0-2: Foul Ball, location: 2F 0-2: Foul Ball, location: 2F 0-2: Ball 1-2: Foul Ball, location: 2F 1-2: Foul Ball, location: 2F 1-2: Fly out, F7 (Flyball, 7LM, EV 80.6 MPH)
|
|
Pitching: LHP Cris Duran
|
|
|
Pinch Hitting: RHB Carlton Hookway
|
0-0: SINGLE (Groundball, 34D, EV 102.5 MPH) Mike Keating to third John Van der Linden to second Runner from 3rd tries for Home, SAFE, throw by RF to home
|
|
Batting: LHB Donny Kleinjan
|
0-0: Ball 1-0: Called Strike 1-1: Ball 2-1: Called Strike 2-2: Foul Ball, location: 2F 2-2: Strikes out looking
|
| Bottom of the 5th over - 2 runs, 4 hits, 0 errors, 2 left on base; University of South Carolina 5 - Stanford University 3 |
| TOP OF THE 6TH |
|
University of South Carolina Gamecocks batting - Pitching for Stanford University Cardinal : RHP Steven Townsend
|
|
Now at 3B: Ted Hickey
|
|
|
Batting: RHB Keith Lynch
|
0-0: Ball 1-0: Bunted foul 1-1: Called Strike 1-2: Foul Ball, location: 2F 1-2: Ball 2-2: Ball 3-2: Ground out 4-3 (Groundball, 4, EV 89.4 MPH)
|
|
Batting: RHB Justin Kurutz
|
0-0: Ball 1-0: Ball 2-0: Called Strike 2-1: Fly out, F9 (Flyball, 89S, EV 88.8 MPH)
|
|
Batting: RHB Brian Passalacqua
|
0-0: Ball 1-0: Ball 2-0: Called Strike 2-1: Ball 3-1: SOLO HOME RUN (Flyball, 89XD, EV 107.5 MPH), Distance : 422 ft
|
|
Pitching: RHP Eddie Georges
|
|
|
Batting: SHB Keith Mihas
|
0-0: Foul Ball, location: 2F 0-1: Foul Ball, location: 2F 0-2: Ball 1-2: Foul Ball, location: 2F 1-2: Foul Ball, location: 2F 1-2: Fly out, F6 (Popup, 6M, EV 61.9 MPH)
|
| Top of the 6th over - 1 run, 1 hit, 0 errors, 0 left on base; University of South Carolina 6 - Stanford University 3 |
| BOTTOM OF THE 6TH |
|
Stanford University Cardinal batting - Pitching for University of South Carolina Gamecocks : LHP Cris Duran
|
|
Batting: LHB Chien Sam
|
0-0: Ball 1-0: Ball 2-0: Foul Ball, location: 2F 2-1: Ball 3-1: Called Strike 3-2: Strikes out swinging
|
|
Batting: LHB Bryan Davidson
|
0-0: Called Strike 0-1: Ball 1-1: Fly out, F4 (Popup, 4M, EV 60.0 MPH)
|
|
Batting: LHB Caleb Hartwell
|
0-0: Foul Ball, location: 2F 0-1: Ground out 6-3 (Groundball, 6, EV 87.5 MPH)
|
| Bottom of the 6th over - 0 runs, 0 hits, 0 errors, 0 left on base; University of South Carolina 6 - Stanford University 3 |
| TOP OF THE 7TH |
|
University of South Carolina Gamecocks batting - Pitching for Stanford University Cardinal : RHP Eddie Georges
|
|
Batting: LHB Bert Webster
|
0-0: Ball 1-0: Ball 2-0: Fly out, F4 (Popup, 3D, EV 48.1 MPH)
|
|
Batting: LHB Jörg Young
|
0-0: SINGLE (Groundball, 4D, EV 107.5 MPH)
|
|
Batting: RHB Jeff Swanson
|
0-0: Called Strike 0-1: Foul Ball, location: 2F 0-2: Ball 1-2: Fly out, F7 (Flyball, 7, EV 91.9 MPH)
|
|
Batting: RHB Ben Turner
|
0-0: Called Strike 0-1: Foul Ball, location: 2F 0-2: Foul Ball, location: 2F 0-2: Ball 1-2: Ball 2-2: Ball 3-2: Foul Ball, location: 2F 3-2: Strikes out swinging
|
| Top of the 7th over - 0 runs, 1 hit, 0 errors, 1 left on base; University of South Carolina 6 - Stanford University 3 |
| BOTTOM OF THE 7TH |
|
Stanford University Cardinal batting - Pitching for University of South Carolina Gamecocks : LHP Cris Duran
|
|
Pitching: RHP Trent Lipinski
|
|
|
Batting: RHB Dzevat Koljevic
|
0-0: Ball 1-0: Foul Ball, location: 2F 1-1: Ball 2-1: Foul Ball, location: 2F 2-2: Ground out U3 (Groundball, 34, EV 91.9 MPH)
|
|
Batting: LHB Mike Keating
|
0-0: Ball 1-0: Ball 2-0: Foul Ball, location: 2F 2-1: Fly out, F8 (Flyball, 8LD, EV 98.1 MPH)
|
|
Batting: RHB John Van der Linden
|
0-0: Ball 1-0: Ball 2-0: Ball 3-0: Base on Balls
|
|
Batting: RHB Josh Benefield
|
0-0: Ball 1-0: Foul Ball, location: 2F 1-1: Ball 2-1: Fielders Choice at 2nd, 6-4 (Groundball, 6, EV 101.9 MPH)
|
| Bottom of the 7th over - 0 runs, 0 hits, 0 errors, 1 left on base; University of South Carolina 6 - Stanford University 3 |
| TOP OF THE 8TH |
|
University of South Carolina Gamecocks batting - Pitching for Stanford University Cardinal : RHP Eddie Georges
|
|
Pitching: LHP Larry Steen
|
|
|
Batting: LHB David Saltzman
|
0-0: Ball 1-0: Called Strike 1-1: Ball 2-1: Ball 3-1: Swinging Strike 3-2: Strikes out looking
|
|
Batting: RHB Keith Lynch
|
0-0: Called Strike 0-1: Ball 1-1: Ball 2-1: Swinging Strike 2-2: Foul Ball, location: 2F 2-2: Strikes out swinging
|
|
Batting: RHB Justin Kurutz
|
0-0: Fly out, F9 (Line Drive, 89M, EV 95.6 MPH)
|
| Top of the 8th over - 0 runs, 0 hits, 0 errors, 0 left on base; University of South Carolina 6 - Stanford University 3 |
| BOTTOM OF THE 8TH |
|
Stanford University Cardinal batting - Pitching for University of South Carolina Gamecocks : RHP Trent Lipinski
|
|
Pitching: RHP Jop van Grootveld
|
|
|
Batting: RHB Ted Hickey
|
0-0: Ball 1-0: Ball 2-0: Ball 3-0: Called Strike 3-1: Foul Ball, location: 2F 3-2: Strikes out looking
|
|
Batting: LHB Donny Kleinjan
|
0-0: Foul Ball, location: 2F 0-1: Ball 1-1: Ball 2-1: Foul Ball, location: 2F 2-2: Strikes out looking
|
|
Batting: LHB Chien Sam
|
0-0: Ball 1-0: Ball 2-0: Foul Ball, location: 2F 2-1: Ball 3-1: Ground out U3 (Groundball, 34, EV 80.0 MPH)
|
| Bottom of the 8th over - 0 runs, 0 hits, 0 errors, 0 left on base; University of South Carolina 6 - Stanford University 3 |
| TOP OF THE 9TH |
|
University of South Carolina Gamecocks batting - Pitching for Stanford University Cardinal : LHP Larry Steen
|
|
Pitching: RHP John Hollinger
|
|
|
Batting: RHB Brian Passalacqua
|
0-0: Foul Ball, location: 2F 0-1: Called Strike 0-2: Strikes out looking
|
|
Batting: SHB Keith Mihas
|
0-0: Ball 1-0: Fly out, F9 (Flyball, 89M, EV 84.4 MPH)
|
|
Batting: LHB Bert Webster
|
0-0: Called Strike 0-1: Ball 1-1: SINGLE (Line Drive, 89M, EV 95.0 MPH)
|
|
Batting: LHB Jörg Young
|
0-0: Swinging Strike 0-1: Fielders Choice at 2nd, 5-4 (Groundball, 56, EV 85.0 MPH)
|
| Top of the 9th over - 0 runs, 1 hit, 0 errors, 1 left on base; University of South Carolina 6 - Stanford University 3 |
| BOTTOM OF THE 9TH |
|
Stanford University Cardinal batting - Pitching for University of South Carolina Gamecocks : RHP Jop van Grootveld
|
|
Pitching: RHP Nelson Knopp
|
|
|
Batting: LHB Bryan Davidson
|
0-0: SINGLE (Flyball, 8RS, EV 100.6 MPH)
|
|
Batting: RHB Gary Preston
|
0-0: Ball 1-0: Ball 2-0: Called Strike 2-1: Foul Ball, location: 2F 2-2: Ball 3-2: Fly out, F7 (Flyball, 7LM, EV 79.4 MPH)
|
|
Pinch Hitting: RHB Joe Gabriel
|
0-0: Ball 1-0: SINGLE (Groundball, 6MD, EV 97.5 MPH) Bryan Davidson to second
|
|
Pinch Hitting: LHB Andy Swan
|
0-0: Ground out U3 (Groundball, 3S, EV 73.1 MPH) Bryan Davidson to third Joe Gabriel to second
|
|
Batting: RHB John Van der Linden
|
0-0: Ball 1-0: Ball 2-0: Ball 3-0: Called Strike 3-1: Swinging Strike 3-2: Ground out 3-1 (Groundball, 34, EV 91.9 MPH)
|
| Bottom of the 9th over - 0 runs, 2 hits, 0 errors, 2 left on base; University of South Carolina 6 - Stanford University 3 |
|